 Dungeon Crawl Stone Soup version 0.20.0-4-g10b340a (webtiles) character file.

212 nikopol the Shield-Bearer (level 5, -2/33 HPs)
             Began as a Gargoyle Fighter on May 27, 2017.
             Slain by nikopol's ghost (9 damage)
             ... on level 3 of the Dungeon.
             The game lasted 00:02:49 (2114 turns).

nikopol the Shield-Bearer (Gargoyle Fighter)        Turns: 2114, Time: 00:02:49

Health: -2/33      AC: 12    Str: 20    XL:     5   Next: 90%
Magic:  5/5        EV:  7    Int:  9    God:
Gold:   145        SH:  9    Dex:  9    Spells: 4/4 levels left

rFire    . . .     SeeInvis .   a - +0 war axe
rCold    . . .     Gourm    .   c - +0 shield
rNeg     + . .     Faith    .   b - +0 scale mail
rPois    ∞         Spirit   .   (no helmet)
rElec    +         Reflect  .   r - +0 cloak
rCorr    .         Harm     .   (no gloves)
MR       .....                  (no boots)
Stlth    ..........             (no amulet)
Regen    0.2/turn               (no ring)
MPRegen  0.1/turn               (no ring)

@: no status effects
A: negative energy resistance 1, electricity resistance, unbreathing,
petrification resistance, rot immunity, AC +4
a: no special abilities


You were on level 3 of the Dungeon.
You were not hungry.

You visited 1 branch of the dungeon, and saw 3 of its levels.

You collected 145 gold pieces.

Inventory:

Hand Weapons
 a - a +0 war axe (weapon)
Armour
 b - a +0 scale mail (worn)
 c - a +0 shield (worn)
 r - a +0 cloak (worn)
Scrolls
 g - 5 scrolls of identify {unknown}
 j - a scroll of teleportation {unknown}
 k - a scroll of remove curse {unknown}
 p - 2 scrolls of fear {unknown}
 q - a scroll of immolation {unknown}
Potions
 d - 2 potions of might
 e - a potion of flight {unknown}
 h - a potion of lignification {unknown}
 l - a potion of curing {unknown}
 m - a potion of invisibility {unknown}
 n - a potion of cancellation {unknown}
 o - a potion of heal wounds {unknown}
Comestibles
 f - 2 bread rations


   Skills:
 + Level 4.1 Fighting
 + Level 3.3 Axes
 + Level 4.3 Armour
 + Level 0.4 Dodging
 + Level 4.5 Shields


You had 4 spell levels left.
You didn't know any spells.

Dungeon Overview and Level Annotations

Branches:
Dungeon (3/15)

Altars:

Annotations:
D:3 nikopol's ghost, amateur GrFi


Innate Abilities, Weirdness & Mutations

You are resistant to torment.
Your stone body is resilient. (AC +4)
You are immune to poison.
You resist negative energy. (rN+)
You are resistant to electric shocks. (rElec)
You can survive without breathing.
You are immune to petrification.
You are immune to rotting.


Message History

You start resting.
HP restored.
You eat the royal jelly.
That royal jelly was delicious!
You climb downwards.
Level annotation: nikopol's ghost, amateur GrFi
There is a stone staircase leading up here. 2 frilled lizards come into view.
The frilled lizard hisses angrily. x2
You hit nikopol's ghost but do no damage.
You block nikopol's ghost's attack.
You hit nikopol's ghost.
Nikopol's ghost is lightly damaged.
Nikopol's ghost hits you! x2
There is a stone staircase leading up here.
You hit the frilled lizard.
You kill the frilled lizard!
You hit nikopol's ghost. Nikopol's ghost hits you!
* * * LOW HITPOINT WARNING * * *
Nikopol's ghost hits you!
You die...

## # .. .. .##
.## ..# ....
#.##.....
##l....#
###$###†W....#
.......@####.#
(.......#
........#
........#
........#
........#
....=...#
#########


You could see nikopol's ghost and a frilled lizard.

Vanquished Creatures
  Sigmund (D:2)
  Crazy Yiuf (D:2)
  A worm (D:2)
  A dart slug (D:2)
  A giant cockroach (D:2)
  2 goblins
  6 hobgoblins
  A ball python (D:1)
  4 bats
  2 frilled lizards
  4 kobolds
  3 rats
27 creatures vanquished.

Notes
Turn   | Place    | Note
-------+----------+-------------------------------------------
     0 | D:1      | nikopol the Gargoyle Fighter began the quest for the Orb.
     0 | D:1      | Reached XP level 1. HP: 14/14 MP: 1/1
   448 | D:2      | Reached XP level 2. HP: 19/19 MP: 2/2
   472 | D:2      | Noticed Sigmund
   488 | D:2      | Killed Sigmund
   488 | D:2      | Reached XP level 3. HP: 9/24 MP: 3/3
   488 | D:2      | Reached XP level 4. HP: 10/29 MP: 4/4
   488 | D:2      | Reached XP level 5. HP: 12/33 MP: 5/5
   715 | D:2      | Found a runed door.
  1555 | D:2      | Noticed Crazy Yiuf
  1557 | D:2      | Paralysed by Crazy Yiuf for 2 turns
  1560 | D:2      | Killed Crazy Yiuf
  1592 | D:3      | Noticed nikopol's ghost (amateur GrFi)
  2114 | D:3      | Slain by nikopol's ghost

Skill      XL: |  1  2  3  4  5 |
---------------+----------------+-----
Axes           | 2 3 |  3.3
Fighting       | 4 |  4.1
Armour         | 4 |  4.3
Shields        | 4 |  4.5
Dodging        | |  0.4

Action                   |  1- 3 |  4- 6 || total
-------------------------+-------+-------++-------
Melee: War axe           |    37 |    95 ||   132
  Eat: Chunk             |       |     2 ||     2
       Royal jelly       |       |     1 ||     1
Armor: Scale mail        |    15 |    48 ||    63
Dodge: Dodged            |    11 |    28 ||    39
Block: Shield            |    11 |    64 ||    75
